 Dungeon Crawl Stone Soup version 0.31.0-1-g2c135a0 (webtiles) character file.

Game seed: 13995721067557139096

298 SirRobin the Sneak (level 6, -12/43 HPs)
             Began as a Vampire Enchanter on Apr 10, 2024.
             Mangled by Menkaure (22 damage)
             ... on level 4 of the Dungeon.
             The game lasted 00:08:21 (5256 turns).

SirRobin the Sneak (Vampire Enchanter)              Turns: 5256, Time: 00:08:22

Health: -12/43     AC:  4    Str:  7    XL:     6   Next: 13%
Magic:  11/11      EV: 12    Int: 19    God:
Gold:   201        SH:  0    Dex: 15    Spells: 3/11 levels left

rFire   + . .        q - +2 short sword (drain)
rCold   . . .        (no shield)
rNeg    . . .        b - +0 robe
rPois   .            p - +0 helmet
rElec   .            (no cloak)
rCorr   .            k - +0 pair of gloves
SInv    +            (no boots)
Will    .....        (no amulet)
Stlth   +++          u - ring of protection from fire
HPRegen 0.47/turn    (no ring)
MPRegen 0.12/turn

%: no passive effects
@: healing quickly
A: alive, fangs 3, see invisible, vampiric 2
a: Exsanguinate


You were on level 4 of the Dungeon.
You visited 1 branch of the dungeon, and saw 4 of its levels.

You collected 201 gold pieces.

Inventory:

Hand Weapons
 a - a +1 dagger
 q - a +2 short sword of draining (weapon)
Missiles
 y - 4 poisoned darts
 A - 3 javelins
Armour
 b - a +0 robe (worn)
 k - a +0 pair of gloves (worn)
 l - a +0 leather armour
 p - a +0 helmet (worn)
Jewellery
 u - a ring of protection from fire (left hand)
Wands
 o - a wand of flame (24)
Scrolls
 e - a scroll of blinking {unknown}
 f - 4 scrolls of teleportation {unknown}
 h - 2 scrolls of identify {unknown}
 s - a scroll of enchant armour {unknown}
 v - a scroll of noise {unknown}
 x - a scroll of fear {unknown}
 z - a scroll of acquirement {unknown}
Potions
 c - 2 potions of invisibility
 d - a potion of might {unknown}
 g - a potion of degeneration {unknown}
 i - a potion of berserk rage {unknown}
 j - a potion of magic {unknown}
 m - 5 potions of lignification {unknown}
 n - a potion of ambrosia {unknown}
 r - a potion of curing {unknown}
 t - 2 potions of mutation {unknown}
 w - a potion of heal wounds {unknown}
 B - a potion of attraction {unknown}


   Skills:
 * Level 1.5 Fighting
 * Level 3.0 Short Blades
 * Level 1.0 Armour
 + Level 2.3 Dodging
 + Level 6.2 Stealth
 * Level 3.4 Spellcasting
 + Level 5.0 Hexes
 + Level 0.9 Ice Magic


You had 3 spell levels left.
You knew the following spells:

 Your Spells              Type           Power      Damage    Failure   Level
a - Ensorcelled Hibernat  Hex/Ice        28%        N/A       6%          2
b - Tukima's Dance        Hex            22%        N/A       5%          3
c - Magic Dart            Conj           12%        1d3       14%         1
d - Blink                 Tloc           6%         N/A       22%         2

Your spell library contained the following spells:

 Spells                   Type           Power      Damage    Failure   Level
 Confusing Touch          Hex            22%        N/A       5%          3
 Necrotise                Necr           12%        1d4       14%         1
 Dazzling Flash           Conj/Hex       24%        N/A       16%         3
 Call Imp                 Summ           6%         N/A       22%         2
 Vampiric Draining        Necr           3%         2d6       41%         3
 Martyr's Knell           Necr/Summ      3%         N/A       82%         4
 Curse of Agony           Necr           3%         N/A       99%         5


Dungeon Overview and Level Annotations

Branches:
Dungeon (4/15)
 Temple: D:4-7

Altars:
Gozag
Okawaru
Sif Muna

Annotations:
D:4 Menkaure


Innate Abilities, Weirdness & Mutations

Your natural rate of healing is accelerated.
You have razor-sharp teeth.
You have supernaturally acute eyesight. (SInv)
You are afflicted with vampirism and can become a bat while bloodless.


Message History

Casting: Magic Dart (safe; 14% risk of failure)
Confirm with . or Enter, or press ? or * to list all spells.
Okay, then.
Aiming: Throw Flame
Press: ? - help, Shift-Dir - straight line, f - Menkaure
Aim: Menkaure (85% to hit)
The puff of flame hits Menkaure.
Menkaure is burned terribly!
Menkaure is lightly damaged.
Unknown command.
Unknown command.
You barely miss Menkaure.
Menkaure is lightly damaged.
Menkaure hits you!
You hit Menkaure.
Menkaure is moderately damaged.
You hit Menkaure but do no damage.
Menkaure is moderately damaged.
Menkaure closely misses you.
You hit Menkaure.
Menkaure is moderately damaged.
Menkaure hits you!
You hit Menkaure but do no damage.
Menkaure is moderately damaged.
You barely miss Menkaure.
Menkaure is moderately damaged.
Menkaure gestures wildly while chanting.
Menkaure seems to speed up.
You hit Menkaure but do no damage. You bite Menkaure, but do no damage.
Menkaure is moderately damaged.
Menkaure casts a spell at you. Pain shoots through your body!
You hit Menkaure.
Menkaure is moderately damaged.
Menkaure hits you!
* * * LOW HITPOINT WARNING * * *
You hit Menkaure.
Menkaure is moderately damaged.
Menkaure hits you!!
Ouch! That really hurt!
You die...

##########
####........#
##....######.#
#....(######.#
#.........##.#
#.....###.##.#
##@..........#
......M..#####.####
##...####........#
##. #.####.#.# .# #
.# #.#.# .#
#.####.# # . ##+##
#.##...#.# .
##...## #........#
####
##.....######.#####


You could see Menkaure (fast).

Vanquished Creatures
  A bullfrog (D:4)
  A bombardier beetle (D:4)
  A hound (D:4)
  A jelly (D:3)
  A mummy (D:4)
  Robin (D:1)
  2 adders
  4 dart slugs
  A ribbon worm (D:2)
  3 orcs (D:3)
  5 endoplasms
  3 giant cockroaches
  7 hobgoblins
  4 jackals (D:2)
  4 quokkas
  5 ball pythons
  5 bats
  2 frilled lizards
  23 goblins
  10 kobolds
  2 kobold zombies (D:4)
  2 orc zombies (D:4)
  5 rats
93 creatures vanquished.

Vanquished Creatures (collateral kills)
  A kobold (D:2)
1 creature vanquished.

Vanquished Creatures (others)
  A dancing weapon (D:2)
1 creature vanquished.

Grand Total: 95 creatures vanquished

Notes
Turn   | Place    | Note
-------+----------+-------------------------------------------
     0 | D:1      | SirRobin the Vampire Enchanter began the quest for the Orb.
     0 | D:1      | Reached XP level 1. HP: 13/13 MP: 3/3
   258 | D:1      | Reached XP level 2. HP: 19/19 MP: 5/5
   261 | D:1      | Learned a level 2 spell: Ensorcelled Hibernation
   345 | D:1      | Reached skill level 5 in Stealth
   986 | D:2      | Found a faded altar of an unknown god.
  1046 | D:2      | Gained mutation: You are afflicted with vampirism and can
                  | become a bat while bloodless. [Vampire growth]
  1046 | D:2      | Reached XP level 3. HP: 24/24 MP: 6/6
  1050 | D:2      | Learned a level 3 spell: Tukima's Dance
  1050 | D:2      | Noticed Robin
  1243 | D:1      | Killed Robin
  2058 | D:2      | Reached XP level 4. HP: 23/31 MP: 0/7
  2730 | D:3      | Reached skill level 1 in Fighting
  2935 | D:3      | Found a shimmering blue altar of Sif Muna.
  3217 | D:3      | Found an iron altar of Okawaru.
  3584 | D:3      | Reached XP level 5. HP: 24/37 MP: 1/9
  3713 | D:4      | Reached skill level 1 in Armour
  3713 | D:4      | Reached skill level 6 in Stealth
  3713 | D:4      | Reached skill level 5 in Hexes
  3715 | D:4      | Learned a level 1 spell: Magic Dart
  3718 | D:4      | Learned a level 2 spell: Blink
  3885 | D:4      | Found an opulent altar of Gozag.
  4388 | D:4      | Reached XP level 6. HP: 11/43 MP: 3/11
  5246 | D:4      | Noticed Menkaure
  5256 | D:4      | Mangled by Menkaure

Illustrated notes

Levels and vault maps discovered:
D:1:      shiori_arrival_oz, layout_basic, serial_co_window_serial,
          co_window_paths_a, co_window_paths_b, co_window_paths_b,
          co_window_of_opportunity_a, co_window_corner_a,
          co_window_of_opportunity_b, co_window_of_opportunity_b,
          co_window_broadway_b, co_window_corner_b, co_window_unsneaky_path_b,
          co_window_paths_c, co_window_4corner_a, glass_columns_a,
          glass_columns_a, glass_columns_b
D:2:      layout_basic, ebering_ecumenical_altar_mist, minmay_misc_feat_hallway,
          uniq_robin
D:3:      layout_rooms, nicolae_overflow_hidden_temple,
          mainiacjoe_overflow_alcove_1
D:4:      layout_loops_corners, kennysheep_mini_moat, minivault_25,
          minmay_mini_ossuary, uniq_menkaure

Skill      XL: |  1  2  3  4  5  6 |
---------------+-------------------+-----
Stealth        | 5 6 |  6.2
Short Blades   | 2 3 |  3.0
Fighting       | 1 |  1.5
Armour         | 1 |  1.0
Spellcasting   | 3 |  3.4
Hexes          | 5 |  5.0
Dodging        | |  2.3
Ice Magic      | |  0.9

Action                     |  1- 3 |  4- 6 || total
---------------------------+-------+-------++-------
  Melee: Dagger            |    83 |       ||    83
         Bite              |     8 |    11 ||    19
         Short sword       |    12 |    94 ||   106
         Punch             |       |     2 ||     2
   Cast: Ensorcelled Hiber |    26 |    29 ||    55
         Tukima's Dance    |     2 |       ||     2
         Magic Dart        |       |    62 ||    62
  Evoke: Wand              |       |     1 ||     1
   Stab: Sleeping          |    21 |    24 ||    45
 Armour: Robe              |    56 |    61 ||   117
  Dodge: Dodged            |    69 |    54 ||   123
